 Dungeon Crawl Stone Soup version 0.19-a0-1587-gaef70b6 (webtiles) character file.

16 jacquesderrida the Sneak (level 2, 0/15 HPs)
             Began as a Vine Stalker Wanderer on Sept 16, 2016.
             Succumbed to an adder's poison
             ... on level 4 of the Dungeon.
             The game lasted 00:00:44 (263 turns).

jacquesderrida the Sneak (Vine Stalker Wanderer)     Turns: 263, Time: 00:00:45

Health: 0/15       AC:  5    Str: 12    XL:     2   Next: 58%
Magic:  3/6        EV: 11    Int: 13    God:
Gold:   64         SH:  0    Dex: 14    Spells: 0 memorised, 5 levels left

rFire  . . .     SeeInvis .     d - +0 dagger
rCold  . . .     Gourm    .     a - +2 leather armour
rNeg   . . .     Faith    .     (no shield)
rPois  .         Spirit   +     (no helmet)
rElec  .         Dismiss  .     (no cloak)
rCorr  .         Reflect  .     (no gloves)
MR     .....     Harm     .     (no boots)
Stlth  ++........               (no amulet)
                                (no ring)
                                (no ring)

@: lethally poisoned (0 -> -6)
A: fangs 2, magic shield, antimagic bite, no device heal 3, rot immunity
a: no special abilities


You were on level 4 of the Dungeon.
You were not hungry.

You visited 1 branch of the dungeon, and saw 3 of its levels.

You collected 64 gold pieces.

Inventory:

Hand Weapons
 d - a +0 dagger (weapon)
 e - a +0 spear
Armour
 a - a +2 leather armour (worn)
 i - a +0 ring mail
Scrolls
 g - a scroll of teleportation {unknown}
Potions
 h - a potion of lignification {unknown}
Books
 b - the Catalogue of the Rocks

   Spells                             Type                      Level
   a - Sandblast                      Earth                        1
   b - Stone Arrow                    Conjuration/Earth            3
 c - Vehumet's Volume of Confrontation

   Spells                             Type                      Level
   a - Magic Dart                     Conjuration                  1
   b - Dazzling Spray                 Conjuration/Hexes            3
Comestibles
 f - a bread ration
 j - a meat ration


   Skills:
 + Level 2.2 Fighting
 - Level 1.0 Polearms
 - Level 1.5 Dodging
 - Level 2.4 Stealth
 - Level 2.1 Spellcasting
   Level 1.0 Hexes
   Level 1.0 Evocations


You had 5 spell levels left.
You didn't know any spells.

Dungeon Overview and Level Annotations

Branches:
Dungeon (2/15)

Altars:


Innate Abilities, Weirdness & Mutations

You have extremely sharp teeth.
When hurt, damage is shared between your health and your magic reserves.
Your bite disrupts and absorbs the magic of your enemies.
Potions and wands cannot restore your health.
You are immune to rotting.


Message History

The adder is lightly wounded.
You feel sick. The adder barely misses you.
You completely miss the adder. You bite the adder. You drain its power.
You feel invigorated.
The adder is moderately wounded.
The adder completely misses you.
You closely miss the adder. Your bite misses the adder.
The adder is moderately wounded.
The adder bites you. x2
* * * LOW HITPOINT WARNING * * *
You are too injured to fight recklessly!
You are too injured to fight recklessly!
You miss the adder.
The adder is moderately wounded.
The adder bites you.
* * * LOW HITPOINT WARNING * * *
You hit the adder. You bite the adder. You drain its power.
You feel invigorated.
The adder is heavily wounded.
You die...

#. #.# # # #
..## .#.## #.##
..# .#... .....
#.###.....
......#.........
............#
......##..#.#
..... ##@S.#
.... ###.%.# O..
....# .. .... .
... #.


You could see an adder.

Vanquished Creatures
  2 dart slugs (D:1)
  2 ball pythons (D:1)
  A bat (D:2)
  A goblin (D:1)
  2 kobolds (D:1)
  6 rats (D:1)
14 creatures vanquished.

Notes
Turn   | Place    | Note
-------+----------+-------------------------------------------
     0 | D:1      | jacquesderrida the Vine Stalker Wanderer began the quest for the Orb.
     0 | D:1      | jacquesderrida set off with: a +2 leather armour, the Catalogue of the Rocks, Vehumet's Volume of Confrontation, a +0 dagger, a bread ration
     0 | D:1      | Reached XP level 1. HP: 10/10 MP: 4/4
     7 | D:1      | Identified the Catalogue of the Rocks
     7 | D:1      | Identified Vehumet's Volume of Confrontation
    62 | D:1      | Reached XP level 2. HP: 13/15 MP: 4/6
   247 | D:2      | You fall through a shaft for 2 floors!
   247 | D:4      | Noticed an ogre
   263 | D:4      | Succumbed to an adder's poison

Vault maps used:
D:1:      onia_arrival_handbag
D:2:      lemuel_zombie_altar_kikubaaqudgha
D:4:      first_bread, serial_shops, shop, kennysheep_small_spiral,
          corexii_corridor_pit, kennysheep_generic_room_5

Skill      XL: |  1  2 |
---------------+-------+-----
Fighting       | 2 |  2.2
Polearms       | |  1.0
Dodging        | |  1.5
Stealth        | |  2.4
Spellcasting   | |  2.1
Hexes          | |  1.0
Evocations     | |  1.0

Action                   || total
-------------------------++-------
Melee: Dagger            ||    43
       Bite              ||    12
 Stab: Sleeping          ||     7
Armor: Leather armour    ||     7
Dodge: Dodged            ||    14
